 Dungeon Crawl Stone Soup version 0.23-a0-373-g305c090 (webtiles) character file.

2209 nixmar the Slasher (level 9, 21/62 HPs)
             Began as a Halfling Abyssal Knight on Oct 25, 2018.
             Was a Priest of Lugonu.
             Quit the game on level 8 of the Dungeon on Oct 26, 2018.
             The game lasted 00:24:24 (9557 turns).

nixmar the Slasher (Halfling Abyssal Knight)        Turns: 9557, Time: 00:24:25

Health: 21/62      AC: -10   Str: 13    XL:     9   Next: 60%
Magic:  12/12      EV: 20    Int: 10    God:    Lugonu [***...]
Gold:   407        SH:  8    Dex: 19    Spells: 8/8 levels left

rFire    . . .     SeeInvis .   a - +2 falchion
rCold    + + .     Gourm    .   n - +2 buckler of the Wasteland {rC++ Dex-2}
rNeg     . . .     Faith    .   b - +0 leather armour
rPois    .         Spirit   .   (no helmet)
rElec    .         Reflect  .   (no cloak)
rCorr    .         Harm     .   (no gloves)
MR       .....                  h - +1 pair of boots
Stlth    +.........             q - amulet of rage
HPRegen  0.20/turn              o - +4 ring of dexterity
MPRegen  0.13/turn              p - +1 ring of evasion

@: corroded
A: small, mutation resistance 1
a: Depart the Abyss, Bend Space, Banish, Renounce Religion, Evoke Berserk Rage


You were on level 8 of the Dungeon.
You worshipped Lugonu.
Lugonu was most pleased with you.
You were hungry.

You visited 1 branch of the dungeon, and saw 8 of its levels.
You visited the Abyss 1 time.

You collected 407 gold pieces.

Inventory:

Hand Weapons
 a - a +2 falchion (weapon)
Missiles
 Z - a throwing net (quivered) {!d , @Q1}
Armour
 b - a +0 leather armour (worn)
 h - a +1 pair of boots (worn)
 n - the +2 buckler of the Wasteland (worn) {rC++ Dex-2}
   (You found it on level 6 of the Dungeon)

   It affects your dexterity (-2).
   It greatly protects you from cold.
Jewellery
 o - a +4 ring of dexterity (left hand)
 p - a +1 ring of evasion (right hand)
 q - an amulet of rage (around neck)
 s - a +2 ring of strength {unknown}
Wands
 d - a wand of flame (22) {@v6}
Scrolls
 i - 2 scrolls of remove curse {@r3}
 j - a scroll of enchant weapon
 R - 2 scrolls of identify {@r1}
 T - a scroll of teleportation
Potions
 c - 3 potions of brilliance
 f - 2 potions of agility
 g - a potion of haste {@q3,}
 k - 2 potions of mutation {!q}
 l - a potion of resistance {@q6}
 m - 2 potions of magic
 r - 2 potions of curing {@q1}
Comestibles
 e - 12 rations


   Skills:
 + Level 5.7 Fighting
 + Level 7.7 Long Blades
 - Level 2.1 Armour
 + Level 6.2 Dodging
 * Level 4.1 Shields
 + Level 4.1 Invocations


You had 8 spell levels left.
You didn't know any spells.
Your spell library contained the following spells:

 Spells                   Type           Power        Failure   Level  Hunger
 Animate Skeleton         Necr           N/A          50%         1    ##.....
 Apportation              Tloc           #.....       50%         1    ##.....
 Confusing Touch          Hex            #.....       50%         1    ##.....
 Summon Small Mammal      Summ           #...         50%         1    ##.....


Dungeon Overview and Level Annotations

Branches:
Dungeon (8/15)             Temple (0/1) D:6
   Lair: D:8-11

Altars:
Ashenzari
Xom

Shops:
D:4 !


Innate Abilities, Weirdness & Mutations

You are small and have problems with some larger weapons.
You are somewhat resistant to further mutation.


Message History

The jelly is heavily wounded.
You block the jelly's attack.
You hit the jelly but do no damage.
Your hands burn!
The jelly is heavily wounded.
You block the jelly's attack.
You hit the jelly but do no damage.
Your hands burn!
The jelly is heavily wounded.
You hit the jelly but do no damage.
Your hands burn!
The jelly is heavily wounded.
You block the jelly's attack.
You hit the jelly. The acid corrodes you!
Your hands burn!
The jelly is heavily wounded.
You block the jelly's attack.
You hit the jelly but do no damage.
Your hands burn!
The jelly is heavily wounded.
You block the jelly's attack.
You hit the jelly but do no damage.
Your hands burn!
The jelly is heavily wounded.
The jelly completely misses you.
Are you sure you want to abandon this character and quit the game? (Confirm

#.#.#.##. #.#
#.#...##. #.#
#.###.##. #.#
#........ ##.##
#####.### ####...##
#.# ........# #.# #
###.J..##########.#
##.#...@#............#
........#..###########
##.#....?..# ####.#.##
#.#.# #............#
.........####.#
.####.#..# #.#..#


You could see a jelly.

Vanquished Creatures
  A wraith (D:8)
  A water moccasin (D:7)
  An ice beast (D:6)
  4 ogres
  A sky beast (D:7)
  A wyvern zombie (D:7)
  2 scorpions (D:7)
  5 killer bees (D:7)
  2 howler monkeys
  2 crimson imps
  A bullfrog zombie (D:5)
  An orc priest (D:5)
  A bullfrog skeleton (D:7)
  2 hounds
  2 centaur skeletons
  5 orc wizards
  3 iguanas
  5 worker ants
  A hound zombie (D:6)
  A worker ant zombie (D:6)
  5 gnolls
  11 adders
  2 shadow imps
  An ooze (D:4)
  4 worms
  3 dart slugs
  9 leopard geckos
  23 orcs
  A ball python (D:4)
  5 giant cockroaches
  10 goblins
  7 hobgoblins
  2 jackals (D:4)
  4 quokkas
  10 bats
  4 frilled lizards
  A jackal skeleton (D:6)
  A jackal zombie (D:3)
  8 kobolds
  A quokka zombie (D:6)
  10 rats
  12 plants (D:6)
176 creatures vanquished.

Vanquished Creatures (others)
  A phantom (D:8)
  An ogre (D:6)
  2 worker ants (D:6)
  2 gnolls (D:6)
  An orc (D:6)
  A giant cockroach (D:6)
8 creatures vanquished.

Grand Total: 184 creatures vanquished

Notes
Turn   | Place    | Note
-------+----------+-------------------------------------------
     0 | Abyss:1  | nixmar the Halfling Abyssal Knight began the quest for the
                  | Orb.
     0 | Abyss:1  | Reached XP level 1. HP: 15/15 MP: 2/2
     0 | Abyss:1  | Found a corrupted altar of Lugonu.
    35 | Abyss:1  | Found a corrupted altar of Lugonu.
   108 | Abyss:1  | Noticed a neqoxec
   114 | Abyss:1  | Noticed a crimson imp
   114 | Abyss:1  | Noticed a starcursed mass
   118 | D:1      | Escaped the Abyss
   523 | D:1      | Reached XP level 2. HP: 20/20 MP: 3/3
   818 | D:1      | Reached * piety under Lugonu
  1201 | D:2      | Reached XP level 3. HP: 25/25 MP: 4/4
  1321 | D:2      | Reached skill level 3 in Long Blades
  1465 | D:2      | Reached XP level 4. HP: 25/31 MP: 5/5
  2382 | D:3      | Reached ** piety under Lugonu
  2698 | D:3      | Reached XP level 5. HP: 36/36 MP: 6/6
  2853 | D:3      | Reached skill level 4 in Long Blades
  3339 | D:4      | Found Xigg's Distillery.
  3453 | D:4      | Noticed an ogre
  3468 | D:4      | Killed an ogre
  3468 | D:4      | Reached XP level 6. HP: 14/43 MP: 7/7
  3898 | D:4      | Noticed an ogre
  3924 | D:4      | Killed an ogre
  3924 | D:4      | Reached skill level 5 in Long Blades
  3924 | D:4      | Reached XP level 7. HP: 46/47 MP: 8/8
  4261 | D:5      | Entered Level 5 of the Dungeon
  4274 | D:5      | Reached *** piety under Lugonu
  4675 | D:5      | Reached skill level 6 in Long Blades
  4813 | D:5      | Reached XP level 8. HP: 54/54 MP: 9/9
  5540 | D:6      | Reached skill level 5 in Dodging
  5794 | D:6      | Found a shimmering altar of Xom.
  5856 | D:6      | Reached skill level 5 in Fighting
  5856 | D:6      | Reached skill level 7 in Long Blades
  5937 | D:6      | Got a pitted buckler
  6006 | D:6      | Found a shattered altar of Ashenzari.
  6176 | D:6      | Reached **** piety under Lugonu
  6525 | D:6      | Found a staircase to the Ecumenical Temple.
  7497 | D:6      | Identified the +2 buckler of the Wasteland {rC++ Dex-2}
                  | (You found it on level 6 of the Dungeon)
  7549 | D:7      | Reached skill level 1 in Shields
  7658 | D:7      | Reached XP level 9. HP: 48/61 MP: 11/11
  8192 | D:7      | HP: 1/61 [killer bee (8)]
  9557 | D:8      | Quit the game

Vault maps used:
D:1:      dpeg_arrival_three_bigger_balls
D:3:      wad_crossroads, first_ration, hex_large
D:4:      serial_shops, shop
D:6:      xom_confusion_cloud, minmay_temple_entry_grid, wad_woods_river_04,
          grunt_ministairs_11, evilmike_ruin_ashenzari
D:7:      lemuel_upstairs_altar, st_stairs_11
D:8:      kennysheep_generic_room_12, uniq_harold

Skill      XL: |  1  2  3  4  5  6  7  8  9 |
---------------+----------------------------+-----
Dodging        | 2 3 4 5 6 |  6.2
Long Blades    | 3 4 5 6 7 |  7.7
Fighting       | 3 4 5 |  5.7
Shields        | 1 4 |  4.1
Invocations    | 3 4 |  4.1
Armour         | |  2.1

Action                   |  1- 3 |  4- 6 |  7- 9 || total
-------------------------+-------+-------+-------++-------
Melee: Falchion          |    80 |   171 |   924 ||  1175
Throw: Throwing net      |       |     1 |       ||     1
Invok: Depart the Abyss  |     1 |       |       ||     1
       Bend Space        |       |     1 |       ||     1
       Banish            |       |       |     2 ||     2
Evoke: Wand              |       |     3 |    26 ||    29
  Use: Potion            |     5 |     2 |     6 ||    13
       Scroll            |     1 |     6 |     4 ||    11
 Stab: Sleeping          |     1 |     6 |     1 ||     8
  Eat: Chunk             |     2 |     7 |     7 ||    16
       Ration            |       |       |     4 ||     4
Armor: Leather armour    |    29 |    38 |    42 ||   109
Dodge: Dodged            |    83 |   119 |   274 ||   476
Block: Buckler           |       |       |    94 ||    94
       Rpst.: Falchion   |    36 |    28 |    87 ||   151

Table legend:
 A = Non-vault XP
 B = Vault XP
 C = Vault XP percentage of total XP
 D = Non-vault monster count
 E = Vault monster count
 F = Vault count percentage of total count
                 A         B        C        D         E       F
            +---------+---------+-------+---------+---------+-------
      Total |    2803 |     353 |  11.2 |     155 |      10 |   6.1
            +---------+---------+-------+---------+---------+-------
        D:1 |      26 |       0 |   0.0 |      15 |       0 |   0.0
        D:2 |      67 |       0 |   0.0 |      23 |       0 |   0.0
        D:3 |     135 |       4 |   2.9 |      34 |       4 |  10.5
        D:4 |     393 |       0 |   0.0 |      15 |       0 |   0.0
        D:5 |     642 |       0 |   0.0 |      22 |       0 |   0.0
        D:6 |     324 |     224 |  40.9 |      22 |       4 |  15.4
        D:7 |     874 |     125 |  12.5 |      19 |       2 |   9.5
        D:8 |     342 |       0 |   0.0 |       5 |       0 |   0.0
            +---------+---------+-------+---------+---------+-------
